 Dungeon Crawl Stone Soup version 0.15-a0-33-ga435e27 (webtiles) character file.

700 MrRokkomies the Ducker (level 7, 39/50 HPs)
             Began as a Mottled Draconian Ice Elementalist on Apr 1, 2014.
             Quit the game on Level 4 of the Dungeon.
             The game lasted 00:14:03 (3718 turns).

MrRokkomies the Ducker (DrIE)                       Turns: 3718, Time: 00:14:03

HP  39/50        AC  9     Str 10      XL: 7   Next: 12%
MP  14/14        EV 14     Int 17      God:
Gold 124         SH  0     Dex 11 (12) Spells:  3 memorised,  4 levels left

rFire  . . .     SeeInvis .     d - +0 cutlass
rCold  . . .     Clarity  .     (armour unavailable)
rNeg   . . .     Conserve .     (no shield)
rPois  +         rCorr    .     (helmet restricted)
rElec  .         rRot     .     (no cloak)
SustAb . .       Spirit   .     t - +2 pair of gloves
rMut   .         Warding  .     (no boots)
Saprov . . .     Stasis   .     (no amulet)
MR     +....                    q - ring of protection from magic {unknown}
                                g - ring of poison resistance

@: somewhat resistant to hostile enchantments, unstealthy
A: breathe sticky flames, unfitting armour, AC +6
a: Breathe Sticky Flame


You were on level 4 of the Dungeon.
You were not hungry.

You visited 1 branch of the dungeon, and saw 4 of its levels.

You collected 124 gold pieces.

Inventory:

Hand weapons
 d - a +0,+0 cutlass (weapon)
 i - a +2,+0 dagger of chaos
Missiles
 f - 3 tomahawks (quivered)
 o - 21 sling bullets
Armour
 t - a +2 pair of gloves (worn)
Comestibles
 c - 2 bread rations
 l - 2 meat rations
Scrolls
 e - a scroll of amnesia
 h - 2 scrolls of teleportation
 r - a scroll of remove curse
Jewellery
 g - a ring of poison resistance (left hand)
 n - an uncursed ring of flight
 q - a ring of protection from magic (right hand) {unknown}
Potions
 a - a potion of invisibility
 j - a potion of heal wounds
 k - a potion of porridge
 m - a potion of haste {unknown}
 p - a potion of experience {unknown}
 s - a potion of curing
Books
 b - a book of Frost

   Spells                             Type                      Level
   *Freeze                            Ice                          1
   Throw Frost                        Conjuration/Ice              2
   *Ozocubu's Armour                  Charms/Ice                   3
   Throw Icicle                       Conjuration/Ice              4
   *Summon Ice Beast                  Ice/Summoning                4
   Condensation Shield                Ice                          4


   Skills:
 * Level 5.6 Dodging
 - Level 1.7 Stealth
 - Level 3.0 Spellcasting
   Level 1.0 Conjurations
 + Level 5.0 Ice Magic


You had 4 spell levels left.
You knew the following spells:

 Your Spells              Type           Power        Failure   Level  Hunger
a - Freeze                Ice            ###.         2%          1    None
b - Ozocubu's Armour      Chrm/Ice       ##........   21%         3    ###....
c - Summon Ice Beast      Ice/Summ       ##......     71%         4    ####...


Dungeon Overview and Level Annotations

Branches:
Dungeon (4/15)
 Temple: D:4-7

Altars:
Dithmenos
Okawaru
Sif Muna
Xom
Zin


Message History

The hobgoblin is severely wounded.
The hobgoblin closely misses you.
You hit the hobgoblin.
You kill the hobgoblin!
You see here a robe.
A worm and a skeleton come into view.
Found a stone staircase leading down.
The orc skeleton hits you but does no damage.
You hit the orc skeleton. The orc skeleton misses you.
The worm closely misses you.
You barely miss the orc skeleton. The orc skeleton misses you.
You hit the orc skeleton but do no damage.
The orc skeleton hits you. The worm bites you but does no damage.
You hit the orc skeleton. You tail-slap the orc skeleton.
The orc skeleton barely misses you. The worm bites you!
You hit the orc skeleton but do no damage.
The orc skeleton hits you.
Quiver which item? (- for none, * to show all) (? for menu, Esc to quit)
Okay, then.
Are you sure you want to abandon this character and quit the game? (Confirm with "yes".)

############ #..........#
#..........# #..........#
#.....z@...#####
#....>w........# #####
#########.####.# #....
#.# #.# #.... ...#
#.####.### #.... #.....#
#........###....
##.....###...............
..................######.
#.......................


You could see a worm and an orc skeleton.

Vanquished Creatures
  Eustachio (D:4)
  4 crimson imps (D:3)
  2 orc priests (D:4)
  An iguana (D:4)
  2 orc wizards (D:4)
  5 adders
  A giant mite (D:4)
  2 worms (D:2)
  A giant eyeball (D:4)
  An ooze (D:2)
  12 orcs
  6 ball pythons
  8 bats
  12 hobgoblins
  5 jackals
  5 giant cockroaches
  5 giant newts
  8 goblins
  A jackal skeleton (D:4)
  5 kobolds
  8 rats
95 creatures vanquished.

Notes
Turn   | Place    | Note
--------------------------------------------------------------
     0 | D:1      | MrRokkomies, the Draconian Ice Elementalist, began the quest for the Orb.
     0 | D:1      | Reached XP level 1. HP: 14/14 MP: 3/3
   381 | D:1      | Reached XP level 2. HP: 7/20 MP: 1/4
  1364 | D:2      | Reached XP level 3. HP: 11/26 MP: 1/6
  1420 | D:2      | Found an iron altar of Okawaru.
  1809 | D:2      | Learned a level 3 spell: Ozocubu's Armour
  1918 | D:2      | Found a glowing silver altar of Zin.
  2175 | D:2      | Reached skill level 4 in Ice Magic
  2175 | D:2      | Reached XP level 4. HP: 24/33 MP: 2/9
  2240 | D:2      | Learned a level 4 spell: Summon Ice Beast
  2603 | D:3      | Found a shimmering altar of Xom.
  2621 | D:3      | Reached XP level 5. HP: 38/38 MP: 4/11
  2985 | D:4      | Reached XP level 6. HP: 43/45 MP: 7/12
  3189 | D:4      | Found a deep blue altar of Sif Muna.
  3218 | D:4      | Found a shadowy altar of Dithmenos.
  3220 | D:4      | Noticed Eustachio
  3281 | D:4      | HP: 1/45 [Eustachio/cutlass (8)]
  3286 | D:4      | Killed Eustachio
  3286 | D:4      | Reached skill level 5 in Dodging
  3286 | D:4      | Reached skill level 5 in Ice Magic
  3388 | D:4      | Paralysed by a giant eyeball for 3 turns
  3435 | D:4      | Your scales start taking on a weird mottled pattern.
  3435 | D:4      | Reached XP level 7. HP: 36/50 MP: 9/14
  3718 | D:4      | Quit the game

Action                   |  1- 3 |  4- 6 |  7- 9 || total
-------------------------+-------+-------+-------++-------
Melee: Unarmed           |    21 |       |       ||    21
       Dagger            |   109 |    43 |       ||   152
       Short sword       |       |    76 |       ||    76
       Cutlass           |       |    17 |    28 ||    45
Throw: Tomahawk          |     4 |       |       ||     4
 Cast: Freeze            |    31 |    54 |     9 ||    94
 Abil: Breathe Sticky Fl |       |       |     1 ||     1
  Use: Scroll            |     3 |     4 |       ||     7
       Potion            |       |     2 |       ||     2
 Stab: Sleeping          |     2 |     1 |       ||     3
       Invisible         |       |     1 |       ||     1
